Map: Temple gelé

Players

ChimpyMcGibn - Winner!

  • Race: Terran Terran
  • League: Diamond
  • Spawn Location: 11:00

zidar

  • Race: Zerg Zerg
  • League: Platinum
  • Spawn Location: 5:00

VOD

Have the link to the VOD?

Description

Time

  • Played on: Nov. 2, 2016, 5:43 a.m.
  • Length: 9:48
Show
View Real Time Build Order
Export as new Build Order

ChimpyMcGibn Terran - Winner!

Build Orders: Reaper Expand 

Get SALT Encoding   

  12  0:01  SCV  
  13  0:13  SCV  
  14  0:18  Supply Depot  
  14  0:25  SCV  
  15  0:40  Barracks, SCV  
  16  0:49  Refinery  
  16  0:52  SCV  
  18  1:04  SCV  
  18  1:16  SCV  
  19  1:30  Orbital Command  
  19  1:32  Reaper  
  20  1:47  Command Center  
  20  1:59  SCV  
  21  2:02  Barracks  
  21  2:05  Barracks Reactor  
  21  2:19  SCV  
  21  2:22  Supply Depot  
  22  2:23  Refinery  
  22  2:29  Factory  
  22  2:32  SCV  
  23  2:44  SCV  
  23  2:51  Marine x2, Barracks Tech Lab  
  24  2:56  SCV  
  27  3:01  Orbital Command  
  27  3:08  SCV  
  27  3:09  Marine x2  
  30  3:12  Marine  
  33  3:23  Starport  
  33  3:26  Widow Mine, SCV  
  34  3:39  SCV  
  34  3:40  Marine, SCV  
  34  3:41  Marine, Supply Depot  
  38  3:42  Marine  
  39  3:51  SCV  
  39  3:52  SCV  
  41  3:58  Marine x2  
  41  4:00  Marine  
  44  4:08  SCV x2  
  45  4:14  Supply Depot  
  45  4:16  Marine x2  
  47  4:18  Marine, Starport Reactor  
  47  4:21  SCV  
  47  4:22  SCV  
  50  4:25  Factory Tech Lab  
  50  4:34  SCV x2  
  50  4:35  Supply Depot  
  50  4:37  Engineering Bay  
  50  4:38  Engineering Bay  
  52  4:39  Marine x2  
  52  4:40  Marine  
  52  4:45  Stimpack  
  55  4:46  SCV x2  
  57  4:55  Siege Tank  
  57  4:57  Medivac  
  57  4:58  Medivac  
  57  4:59  SCV  
  65  5:01  SCV  
  66  5:11  Refinery  
  66  5:12  SCV  
  66  5:13  SCV  
  68  5:15  Supply Depot x2  
  68  5:16  Marine x2  
  70  5:25  Terran Infantry Armor Level 1, Terran Infantry Weapons Level 1  
  70  5:37  Marine x3  
  70  5:38  SCV x2  
  70  5:41  Siege Tank  
  78  5:50  SCV x2  
  78  5:56  Marine  
  81  5:57  Marine  
  81  5:58  Command Center  
  81  5:59  Marine  
  81  6:02  SCV  
  84  6:08  Supply Depot  
  84  6:09  Supply Depot  
  84  6:15  SCV x2  
  86  6:30  Marine x3, SCV x2, Medivac x2  
  86  6:31  Siege Tank  
  98  6:41  Refinery  
  98  6:42  SCV, Supply Depot  
  98  6:43  SCV  
  98  6:44  Supply Depot  
  100  6:49  Barracks  
  100  6:50  Barracks  
  100  6:52  Barracks  
  100  6:54  SCV  
  100  6:55  SCV  
  100  7:01  Combat Shield  
  102  7:04  Marine x3  
  102  7:06  SCV  
  102  7:07  SCV  
  107  7:10  Siege Tank, Medivac  
  111  7:24  Marine  
  111  7:25  Marine x2  
  114  7:31  Medivac  
  114  7:36  Barracks Reactor  
  114  7:37  Barracks Reactor  
  116  7:38  Barracks Reactor  
  116  7:44  Supply Depot x2  
  116  7:45  Supply Depot  
  116  7:47  Armory, SCV x2  
  118  7:59  SCV x2  
  104  8:21  Supply Depot x2  
  104  8:22  Supply Depot  
  104  8:23  Supply Depot x2  
  101  8:30  Orbital Command  
  101  8:31  SCV  
  101  8:32  SCV  
  103  8:36  Marine x7  
  103  8:37  Marine x2  
  112  8:42  Siege Tank  
  112  8:43  SCV  
  112  8:44  SCV  
  117  8:54  Marine  
  118  8:56  Marine x5, SCV  
  118  8:57  Marine x3  
  118  9:00  Medivac  
  129  9:08  Supply Depot x2  
  129  9:11  Marine  
  129  9:14  Marine x6  
Show
View Real Time Build Order
Export as new Build Order

zidar Zerg 

Build Orders: Hatch First 

Get SALT Encoding   

  12  0:01  Drone  
  13  0:12  Overlord  
  13  0:17  Drone  
  14  0:31  Drone x2  
  16  0:52  Hatchery  
  16  0:54  Drone  
  16  1:00  Extractor, Drone  
  16  1:23  Spawning Pool  
  15  1:40  Drone  
  15  1:41  Drone x2  
  18  2:01  Drone  
  19  2:09  Queen  
  19  2:10  Queen  
  19  2:12  Metabolic Boost  
  23  2:15  Zergling x2  
  23  2:16  Zergling x2  
  23  2:21  Zergling x2  
  25  2:38  Roach Warren, Drone  
  25  2:39  Drone  
  26  3:06  Drone x2  
  26  3:09  Overlord x2  
  26  3:10  Overlord  
  28  3:31  Roach  
  28  3:32  Roach x3  
  36  3:40  Extractor  
  35  3:54  Roach x4  
  43  3:58  Overlord  
  42  4:10  Drone x2  
  42  4:15  Overlord  
  44  4:25  Lair  
  44  4:33  Spore Crawler  
  43  4:38  Spore Crawler  
  43  4:40  Drone  
  44  4:52  Ravager  
  44  4:53  Ravager x2  
  44  4:55  Ravager  
  47  5:00  Drone x3  
  47  5:03  Drone  
  51  5:08  Drone  
  51  5:13  Drone  
  53  5:14  Drone  
  54  5:22  Glial Reconstitution  
  54  5:32  Roach x2  
  54  5:33  Roach  
  60  5:41  Extractor  
  60  5:42  Overlord  
  59  5:44  Drone  
  60  6:03  Roach x2  
  60  6:04  Roach x2  
  66  6:32  Overlord  
  66  6:33  Overlord x3  
  66  6:46  Roach  
  70  6:54  Roach x7  
  70  6:59  Ravager x4  
  85  7:28  Ravager  
  86  7:33  Roach  
  86  7:34  Roach x6  
  100  7:49  Overlord x2  
  100  7:50  Overlord  
  31  8:28  Roach  
  31  8:29  Roach x8  
  49  8:54  Hatchery  
  48  8:59  Roach x3  
  54  9:03  Ravager x2  
  54  9:04  Ravager  
Tags
 
Add a new tag
Caveats
  • Supply blocks, unpowered buildings, or Contaminate may cause inaccurate times.
  • Supply counts are checked every 10 seconds.